 Dungeon Crawl Stone Soup version 0.19.1 (webtiles) character file.

6500 Jerry the Carver (level 10, -25/73 HPs)
             Began as a Demigod Skald on Dec 25, 2016.
             Hit by a large rock thrown by a cyclops (28 damage)
             ... on level 10 of the Dungeon.
             The game lasted 00:45:13 (11476 turns).

Jerry the Carver (Demigod Skald)                   Turns: 11476, Time: 00:45:14

Health: -25/73     AC: 15    Str: 22    XL:     10   Next: 41%
Magic:  17/17      EV:  9    Int: 20    God:
Gold:   451        SH:  0    Dex: 17    Spells: 2 memorised, 9 levels left

rFire  . . .     SeeInvis .     v - +1 triple sword of the Unseen Realm {drain, Int+2}
rCold  + . .     Gourm    .     P - +1 chain mail {rC+}
rNeg   . . .     Faith    .     (shield currently unavailable)
rPois  +         Spirit   .     E - +0 helmet
rElec  .         Reflect  .     (no cloak)
rCorr  .         Harm     .     (no gloves)
MR     +....     Rnd*Tele +     k - +0 pair of boots
Stlth  ..........               J - amulet of rage
                                l - ring of poison resistance
                                a - +3 ring of strength

@: no status effects
A: blink, clever 1, high mp 1, teleportitis 1
a: Blink, Evoke Berserk Rage


You were on level 10 of the Dungeon.
You were not hungry.

You visited 1 branch of the dungeon, and saw 10 of its levels.

You collected 535 gold pieces.
You spent 84 gold pieces at shops.

Inventory:

Hand Weapons
 f - a +3 scimitar of protection
 v - the +1 triple sword of the Unseen Realm (weapon) {drain, Int+2}
   (You acquired it on level 10 of the Dungeon)

   A truly terrible weapon, it drains the life of those it strikes.
   It affects your intelligence (+2).
Armour
 k - a +0 pair of boots (worn)
 E - a +0 helmet (worn)
 P - a +1 chain mail of cold resistance (worn)
Jewellery
 a - a +3 ring of strength (left hand)
 j - an uncursed ring of protection from cold
 l - a ring of poison resistance (right hand)
 G - an uncursed amulet of the gourmand
 J - an amulet of rage (around neck)
Wands
 q - a wand of paralysis (15/24)
 u - a wand of flame (7/48)
 w - a wand of enslavement (7/24)
 y - a wand of slowing (18/48)
 C - a wand of flame (40/48)
Scrolls
 e - 6 scrolls of identify
 i - 3 scrolls of amnesia
 o - 5 scrolls of remove curse
 p - a scroll of noise
 r - 2 scrolls of magic mapping
 t - 3 scrolls of teleportation
 M - a scroll of immolation
Potions
 h - 6 potions of curing
 m - a potion of cure mutation
 n - 2 potions of haste
 s - a potion of ambrosia
 z - 2 potions of agility {unknown}
 B - a potion of beneficial mutation {unknown}
 F - a potion of heal wounds
 H - a potion of lignification {unknown}
 L - a potion of brilliance {unknown}
Books
 b - a book of Necromancy

   Spells                             Type                      Level
   a - Pain                           Necromancy                   1
   b - Animate Skeleton               Necromancy                   1
   c - Vampiric Draining              Necromancy                   3
   d - Regeneration                   Charms/Necromancy            3
   e - Animate Dead                   Necromancy                   4
   f - Control Undead                 Necromancy                   4
 c - a book of Battle

   Spells                             Type                      Level
   a - Infusion                       Charms                       1
   b - Shroud of Golubria             Charms/Translocation         2
   c - Song of Slaying                Charms                       2
   d - Spectral Weapon                Hexes/Charms                 3
   e - Regeneration                   Charms/Necromancy            3
 K - a book of Clouds

   Spells                             Type                      Level
   a - Mephitic Cloud                 Conjuration/Poison/Air       3
   b - Conjure Flame                  Conjuration/Fire             3
   c - Poisonous Cloud                Conjuration/Poison/Air       6
   d - Freezing Cloud                 Conjuration/Ice/Air          6
   e - Ring of Flames                 Charms/Fire                  7
Miscellaneous
 O - a fan of gales
Comestibles
 d - 11 bread rations
 g - 2 slices of pizza
 x - 7 chunks of flesh
 A - 11 fruits
 D - 10 royal jellies
 I - 2 beef jerkies


   Skills:
 - Level 1.7 Fighting
 + Level 9.8 Long Blades
 + Level 9.5 Armour
 - Level 2.2 Dodging
 - Level 1.7 Spellcasting
 - Level 2.6 Charms
 + Level 5.9 Evocations


You had 9 spell levels left.
You knew the following spells:

 Your Spells              Type           Power        Failure   Level  Hunger
a - Infusion              Chrm           ##..         34%         1    #......
b - Shroud of Golubria    Chrm/Tloc      #.........   87%         2    ###....


Dungeon Overview and Level Annotations

Branches:
Dungeon (10/15)            Temple (0/1) D:7
   Lair: D:8-11         Orc: D:9-12

Shops:
D:5 *


Innate Abilities, Weirdness & Mutations

You have an increased reservoir of magic. (+10% MP)
You can translocate small distances at will.
Your mind is acute. (Int +2)
You are occasionally teleported next to monsters.


Message History

Something hits you but does no damage. Something hits you.
Something hits you but does no damage. Something hits you but does no damage.
A cyclops comes into view.
Something hits you but does no damage. x2; The cyclops throws a large rock.
The large rock hits you!!
* * * LOW HITPOINT WARNING * * *
You see here a large rock.
Something hits you.
* * * LOW HITPOINT WARNING * * *
Something hits you.
* * * LOW HITPOINT WARNING * * *
Something hits you but does no damage.
The cyclops throws a large rock.
The large rock hits you.
* * * LOW HITPOINT WARNING * * *
You see here a large rock.
Something hits you but does no damage.
The cyclops throws a large rock.
The large rock hits you!!
You die...

.#.....P.P.PP............# #.
.#......P.P..............#######.
##.....÷P†.P.P....P..............
.......P.P##+#P.P................
#####..P..# #P.P................
......P...# #P.P.(########.....#
.......P..####.PP.P....C..#.....#
......P..P.P...PP(........####..#
.......P.PP..P..@......... .#..#
##....P...P..P............ ..#..#
.#.....÷P..P.P..P...##+### #.####
.#[............###..# #.....
.')..........### #..# ##.....
##.......##### #..# #......
.........# #..# #......
.........#########..#######......
<..................[.............


You could see a cyclops.

Vanquished Creatures
  2 hill giants
  A troll (D:9)
  2 two-headed ogres
  5 yaks (D:10)
  2 hungry ghosts
  Grum (D:9)
  Edmund (D:5)
  2 orc warriors
  A sky beast (D:10)
  An ice beast (D:10)
  4 ogres
  2 phantoms
  4 wolves
  3 centaurs
  2 big kobolds
  Blork the orc (D:6)
  5 bullfrogs
  A wyvern skeleton (D:10)
  5 scorpions
  3 howler monkeys
  A crimson imp (D:8)
  2 centaur zombies
  A hound (D:7)
  5 orc priests
  4 jellies
  2 bullfrog skeletons
  3 worker ants
  3 iguanas
  17 orc wizards
  A mummy (D:8)
  4 gnolls (D:3)
  13 adders
  2 river rats (D:10)
  A shadow imp (D:7)
  5 oozes (D:8)
  An adder zombie (D:7)
  An adder skeleton (D:4)
  A worm (D:3)
  7 dart slugs
  5 leopard geckos
  28 orcs
  11 bats
  7 giant cockroaches
  9 goblins
  6 hobgoblins
  8 jackals (D:7)
  15 kobolds
  A quokka (D:8)
  A ball python (D:1)
  8 frilled lizards
  A quokka skeleton (D:5)
  A quokka zombie (D:5)
  15 rats
  2 fungi (D:10)
240 creatures vanquished.

Vanquished Creatures (others)
  A fungus (D:10)
1 creature vanquished.

Grand Total: 241 creatures vanquished

Notes
Turn   | Place    | Note
-------+----------+-------------------------------------------
     0 | D:1      | Jerry the Demigod Skald began the quest for the Orb.
     0 | D:1      | Reached XP level 1. HP: 17/17 MP: 5/5
     7 | D:1      | Reached skill level 1 in Armour
     7 | D:1      | Reached skill level 1 in Dodging
   440 | D:1      | Reached XP level 2. HP: 24/24 MP: 7/7
   636 | D:1      | Learned a level 2 spell: Shroud of Golubria
   890 | D:2      | Found a white marble altar of Elyvilon.
  1074 | D:2      | Reached XP level 3. HP: 29/29 MP: 8/8
  1910 | D:3      | Reached XP level 4. HP: 23/36 MP: 5/9
  2141 | D:3      | Found a sacrificial altar of Ru.
  2607 | D:3      | Reached XP level 5. HP: 27/41 MP: 5/10
  2908 | D:4      | Noticed a phantom
  3755 | D:4      | Killed a phantom
  3755 | D:4      | Reached XP level 6. HP: 34/48 MP: 9/11
  3875 | D:4      | Found a glowing silver altar of Zin.
  4330 | D:5      | Entered Level 5 of the Dungeon
  4352 | D:5      | Noticed Edmund
  4353 | D:5      | Found a bloodstained altar of Trog.
  4476 | D:5      | Found Kaisify's Assorted Antiques.
  4484 | D:5      | Bought a scroll labeled POZ GOEWAA for 28 gold pieces
  4484 | D:5      | Bought a scroll labeled VOULOO QEIMOAD for 28 gold pieces
  4484 | D:5      | Bought a scroll labeled KAISMI BIGROI for 28 gold pieces
  4852 | D:5      | Killed Edmund
  4852 | D:5      | Reached skill level 5 in Long Blades
  4852 | D:5      | Reached skill level 5 in Armour
  4852 | D:5      | Reached XP level 7. HP: 33/53 MP: 7/12
  4956 | D:5      | Found a shadowy altar of Dithmenos.
  6226 | D:6      | Noticed Blork the orc
  6237 | D:6      | Killed Blork the orc
  6299 | D:6      | Noticed a two-headed ogre
  6525 | D:5      | Reached XP level 8. HP: 42/60 MP: 13/13
  6978 | D:6      | Killed a two-headed ogre
  7230 | D:6      | Found a stormy altar of Qazlal.
  7233 | D:6      | Found a shimmering altar of Xom.
  7233 | D:6      | Found a hazy altar of Hepliaklqana.
  7537 | D:7      | Gained mutation: Your mind is acute. (Int +2) [potion of mutation]
  7537 | D:7      | Gained mutation: You are occasionally teleported next to monsters. [potion of mutation]
  7537 | D:7      | Gained mutation: You have supernaturally acute eyesight. (SInv) [potion of mutation]
  7538 | D:7      | Lost mutation: You have supernaturally acute eyesight. (SInv) [potion of mutation]
  7538 | D:7      | Gained mutation: You can translocate small distances at will. [potion of mutation]
  7576 | D:7      | Found a staircase to the Ecumenical Temple.
  8029 | D:7      | Reached skill level 1 in Evocations
  8212 | D:8      | Reached XP level 9. HP: 67/67 MP: 14/14
  8716 | D:8      | Found a snail-covered altar of Cheibriados.
  9569 | D:9      | Found an opulent altar of Gozag.
  9719 | D:9      | Noticed Grum
  9848 | D:8      | Noticed a hill giant
  9857 | D:8      | Killed a hill giant
 10193 | D:9      | Killed Grum
 10387 | D:9      | Reached XP level 10. HP: 73/73 MP: 16/16
 10528 | D:10     | Entered Level 10 of the Dungeon
 10528 | D:10     | Noticed a hill giant
 10540 | D:10     | Killed a hill giant
 10540 | D:10     | Reached skill level 5 in Evocations
 10655 | D:10     | Identified a scroll of acquirement
 10656 | D:10     | Got a crude triple sword
 10657 | D:10     | Identified the +1 triple sword of the Unseen Realm {drain, Int+2} (You acquired it on level 10 of the Dungeon)
 11473 | D:10     | Noticed a cyclops
 11475 | D:10     | HP: 3/73 [cyclops/large rock (1)]
 11476 | D:10     | Hit by a large rock thrown by a cyclops

Skill      XL: |  1  2  3  4  5  6  7  8  9 10 |
---------------+-------------------------------+-----
Armour         | 1 2 3 5 6 7 8 9 |  9.5
Dodging        | 1 2 |  2.2
Long Blades    | 2 3 4 5 6 8 9 |  9.8
Evocations     | 1 4 5 |  5.9
Fighting       | |  1.7
Spellcasting   | |  1.7
Charms         | |  2.6

Action                   |  1- 3 |  4- 6 |  7- 9 | 10-12 || total
-------------------------+-------+-------+-------+-------++-------
Melee: Falchion          |   138 |   289 |   126 |       ||   553
       Scimitar          |       |       |   312 |    28 ||   340
       Triple sword      |       |       |       |    87 ||    87
Throw: Throwing net      |       |       |     2 |       ||     2
 Cast: Infusion          |     8 |    20 |       |       ||    28
       Shroud of Golubri |     2 |     1 |       |       ||     3
 Abil: Evoke Berserk Rag |       |       |     2 |     1 ||     3
       Blink             |       |       |     1 |       ||     1
Evoke: Wand              |       |     6 |    13 |       ||    19
  Use: Scroll            |       |     6 |    14 |     2 ||    22
       Potion            |       |       |     2 |       ||     2
 Stab: Sleeping          |     1 |       |       |       ||     1
       Paralysed         |       |    37 |       |       ||    37
  Eat: Chunk             |     4 |    14 |    36 |     4 ||    58
       Pizza             |       |       |     2 |       ||     2
Armor: Leather armour    |    45 |     2 |       |       ||    47
       Scale mail        |       |    96 |       |       ||    96
       Chain mail        |       |       |   206 |   105 ||   311
Dodge: Dodged            |   113 |   105 |   140 |    62 ||   420
       Rpst.: Falchion   |    39 |    36 |     9 |       ||    84
       Scimitar          |       |       |    29 |     2 ||    31
       Triple sword      |       |       |       |    21 ||    21
